 Dungeon Crawl Stone Soup version 0.16.2 (webtiles) character file.

124 RepoMan the Firebug (level 4, 0/30 HPs)
             Began as a Mummy Fire Elementalist on Aug 14, 2015.
             Slain by an orc wizard
             ... wielding a +1 dagger of draining
              (2 damage)
             ... on level 3 of the Dungeon.
             The game lasted 00:14:13 (3374 turns).

RepoMan the Firebug (Mummy Fire Elementalist)       Turns: 3374, Time: 00:14:13

Health: 0/30       AC:  2    Str: 11    XL:     4   Next: 81%
Magic:  1/8        EV: 12    Int: 15    God:
Gold:   150        SH:  0    Dex: 12    Spells: 3 memorised, 2 levels left

rFire  x . .     SeeInvis .     p - +0 hand axe (flame)
rCold  + . .     Clarity  .     a - +0 robe
rNeg   + + +     SustAb   .     (no shield)
rPois  ∞         Gourm    .     (no helmet)
rElec  .         Spirit   .     (no cloak)
rCorr  .         Warding  .     (no gloves)
rMut   .         Stasis   .     (no boots)
MR     .....                    (no amulet)
Stlth  ++........               (no ring)
                                (no ring)

@: about to teleport, not resistant to hostile enchantments, unstealthy
A: no food or potions, fire vulnerability, restore body, cold resistance 1,
negative energy resistance 3, poison resistance, torment resistance, unbreathing
a: no special abilities


You were on level 3 of the Dungeon.
You were not hungry.

You visited 1 branch of the dungeon, and saw 3 of its levels.

You collected 150 gold pieces.

Inventory:

Hand weapons
 g - a +0 whip
 p - a +0 hand axe of flaming (weapon)
Armour
 a - a +0 robe (worn)
 e - a +0 robe
 l - a +0 buckler
Jewellery
 k - a cursed -2 ring of strength {unknown}
 q - an uncursed ring of poison resistance {unknown}
Scrolls
 c - a scroll of noise
 h - a scroll of remove curse {unknown}
 i - a scroll of recharging {unknown}
 j - a scroll of amnesia {unknown}
 m - a scroll of blinking {unknown}
 n - a scroll of random uselessness {unknown}
 o - a scroll of magic mapping {unknown}
Books
 b - a book of Flames

   Spells                             Type                      Level
   a - Flame Tongue                   Conjuration/Fire             1
   b - Throw Flame                    Conjuration/Fire             2
   c - Conjure Flame                  Conjuration/Fire             3
   d - Inner Flame                    Hexes/Fire                   3
   e - Sticky Flame                   Conjuration/Fire             4
   f - Fireball                       Conjuration/Fire             5


   Skills:
 - Level 1.5 Dodging
 - Level 1.5 Stealth
 + Level 2.7 Spellcasting
 + Level 1.9 Conjurations
 * Level 3.7 Fire Magic


You had 2 spell levels left.
You knew the following spells:

 Your Spells              Type           Power        Failure   Level  Hunger
a - Flame Tongue          Conj/Fire      ##...        8%          1    N/A
b - Throw Flame           Conj/Fire      ##....       12%         2    N/A
c - Conjure Flame         Conj/Fire      ##......     21%         3    N/A

Dungeon Overview and Level Annotations

Branches:
Dungeon (3/15)

Altars:
Trog
Vehumet


Innate Abilities, Weirdness & Mutations

You do not eat or drink.
Your flesh is vulnerable to fire.
Your flesh is cold resistant.
You are immune to negative energy.
Your system is resistant to poisons.
You are immune to unholy pain and torment.
You can survive without breathing.


Message History

You kill the orc priest!
The kobold throws a stone.
The stone hits you but does no damage.
You hit something but do no damage. Something hits you.
You miss something. Something hits you.
You hit something. You burn something. Something hits you.
* * * LOW HITPOINT WARNING * * *
You hear some strange, mumbled words.
The magic dart hits you!
* * * LOW HITPOINT WARNING * * *
Read which item? (? for menu, Esc to quit)
As you read the scroll labeled SKOICLYLYG, it crumbles to dust.
It is a scroll of identify.
Identify which item? (\ to view known items) (? for menu, Esc to quit)
c - a scroll of noise Something hits you but does no damage.
Read which item? (? for menu, Esc to quit)
As you read the scroll labeled ZUEJOZXICRA, it crumbles to dust.
You feel strangely unstable.
It was a scroll of teleportation.
Something hits you.
You die...

#...#######.#
#.........#.#
#.#.#####.#.#########
.#.#.###
#...........#
....#.....#
##..........#
$....####..#
#..........# #....
#..# #..........#
#.... ##.#
#..........## ... ...
#@# #............
...###.#####{##
##.####......
#.........o.oK.# #.#
#..)...
#.......o)####.# #(#
#...... #......K..#
..# #(# #......
#........o# #.# #.#
#...... #...(?K...###
.. #.# #......
#........o..####+##.#
#......
####.....)....o...#.#
##......


You could see an orc wizard and a kobold.

Vanquished Creatures
  An orc priest (D:3)
  2 adders (D:2)
  2 worms
  2 giant geckos
  3 oozes
  3 orcs (D:3)
  9 bats
  7 hobgoblins
  A ball python (D:3)
  2 giant cockroaches
  9 goblins
  8 kobolds
  10 rats
59 creatures vanquished.

Notes
Turn   | Place    | Note
--------------------------------------------------------------
     0 | D:1      | RepoMan, the Mummy Fire Elementalist, began the quest for the Orb.
     0 | D:1      | Reached XP level 1. HP: 13/13 MP: 3/3
    91 | D:1      | Reached skill level 1 in Conjurations
   576 | D:1      | Reached XP level 2. HP: 19/19 MP: 2/4
   737 | D:1      | Learned a level 2 spell: Throw Flame
   869 | D:1      | Reached skill level 3 in Fire Magic
  1541 | D:2      | Reached XP level 3. HP: 8/24 MP: 0/6
  1717 | D:2      | Learned a level 3 spell: Conjure Flame
  2527 | D:2      | Reached XP level 4. HP: 30/30 MP: 5/8
  3038 | D:2      | Found a radiant altar of Vehumet.
  3038 | D:2      | Found a bloodstained altar of Trog.
  3374 | D:3      | Slain by an orc wizard

Action                   |  1- 3 |  4- 6 || total
-------------------------+-------+-------++-------
Melee: Unarmed           |    32 |       ||    32
       Hand axe          |       |     5 ||     5
 Cast: Flame Tongue      |    75 |    46 ||   121
       Throw Flame       |     2 |       ||     2
  Use: Scroll            |       |     2 ||     2
